 Dungeon Crawl Stone Soup version 0.28.0 (webtiles) character file.

Game seed: 14819537455404279127

445 bande the Chopper (level 7, -2/44 HPs)
             Began as a Gargoyle Fighter on Feb 11, 2022.
             Slain by a scorpion (8 damage)
             ... on level 4 of the Dungeon.
             The game lasted 00:06:14 (3168 turns).

bande the Chopper (Gargoyle Fighter)                Turns: 3168, Time: 00:06:15

Health: -2/44      AC: 12    Str: 19    XL:     7   Next: 3%
Magic:  7/7        EV:  9    Int:  9    God:
Gold:   166        SH:  4    Dex: 11    Spells: 6/6 levels left

rFire   . . .      SeeInvis .   a - +0 war axe
rCold   . . .      Faith    .   c - +0 buckler
rNeg    + . .      Spirit   .   b - +0 scale mail
rPois   ∞          Reflect  .   (no helmet)
rElec   +          Harm     .   (no cloak)
rCorr   .          Rampage  .   (no gloves)
Will    .....                   (no boots)
Stlth   ..........              (no amulet)
HPRegen 0.14/turn               (no ring)
MPRegen 0.10/turn               (no ring)

@: no status effects
A: sickness immunity, AC +4, negative energy resistance 1, electricity
resistance, torment resistance 1, petrification resistance
a: no special abilities


You were on level 4 of the Dungeon.
You visited 1 branch of the dungeon, and saw 4 of its levels.

You collected 166 gold pieces.

Inventory:

Hand Weapons
 a - a +0 war axe (weapon)
 j - a +0 war axe
Armour
 b - a +0 scale mail (worn)
 c - a +0 buckler (worn)
Potions
 d - a potion of might
 e - 2 potions of heal wounds
 g - 2 potions of brilliance
 i - a potion of flight
 l - 2 potions of invisibility


   Skills:
 + Level 4.5 Fighting
 + Level 5.1 Axes
 + Level 4.7 Armour
 + Level 4.0 Shields


You had 6 spell levels left.
You didn't know any spells.
Your spell library contained the following spells:

 Spells                   Type           Power      Damage    Failure   Level
 Call Canine Familiar     Summ           0%         N/A       99%         3
 Portal Projectile        Hex/Tloc       0%         N/A       99%         3
 Leda's Liquefaction      Hex/Erth       0%         N/A       100%        4


Dungeon Overview and Level Annotations

Branches:
Dungeon (4/15)
 Temple: D:4-7

Altars:

Annotations:
D:4 1 runed translucent door, Konebred's ghost, amateur HOMo


Innate Abilities, Weirdness & Mutations

You are immune to sickness and miasma.
Your stone body is resilient. (AC +4)
You are immune to poison.
You resist negative energy. (rN+)
You are resistant to electric shocks. (rElec)
You are resistant to unholy torment.
You are immune to petrification.


Message History

The bullfrog skeleton is moderately damaged.
You hit the scorpion. The scorpion closely misses you.
The bullfrog skeleton hits you but does no damage.
You hit the scorpion.
The scorpion is heavily wounded.
You slash the bullfrog skeleton!
The scorpion stings you but does no damage.
The bullfrog skeleton hits you but does no damage.
The scorpion closely misses you.
The bullfrog skeleton closely misses you.
Unknown command.
You slash the bullfrog skeleton!
The bullfrog skeleton is almost destroyed.
You hit the scorpion. The scorpion stings you.
The bullfrog skeleton hits you but does no damage.
The scorpion stings you but does no damage.
The bullfrog skeleton hits you.
Unknown command.
You hit the bullfrog skeleton.
The bullfrog skeleton is almost destroyed.
You barely miss the scorpion.
The bullfrog skeleton hits you but does no damage.
The scorpion stings you but does no damage.
You slash the bullfrog skeleton!
You destroy the bullfrog skeleton!
You hit the scorpion but do no damage. The scorpion stings you!
* * * LOW HITPOINT WARNING * * *
The scorpion stings you but does no damage.
You have reached level 7!
The scorpion stings you.
* * * LOW HITPOINT WARNING * * *
Unknown command.
You hit the scorpion.
The scorpion is severely wounded.
The scorpion stings you but does no damage.
The scorpion barely misses you.
You barely miss the scorpion.
The scorpion is heavily wounded.
The scorpion stings you!
You die...

####.... ...... ..... .... #
#..# . #..# . ##.s## #
#..@.# . #..#.# #......# .
#..#.# #......# . #..#.#
#.[....# #........#
#..#.###......# ##......[#
#..#..##......# .##......#
#..##.........#
.W+......#####..##.........#
.##.................#......#


You could see a scorpion.

Vanquished Creatures
  Grinder (D:3)
  A hound (D:4)
  A bullfrog skeleton (D:4)
  An iguana (D:3)
  2 orc wizards (D:3)
  3 adders
  A shadow imp (D:4)
  2 worms
  A dart slug (D:2)
  6 orcs (D:3)
  5 ball pythons
  4 endoplasms
  6 giant cockroaches
  6 goblins
  6 hobgoblins
  6 jackals
  5 quokkas
  5 bats
  7 frilled lizards
  4 kobolds
  4 rats
77 creatures vanquished.

Vanquished Creatures (others)
  A fungus (D:1)
  15 plants (D:1)
16 creatures vanquished.

Grand Total: 93 creatures vanquished

Notes
Turn   | Place    | Note
-------+----------+-------------------------------------------
     0 | D:1      | bande the Gargoyle Fighter began the quest for the Orb.
     0 | D:1      | Reached XP level 1. HP: 14/14 MP: 1/1
   399 | D:1      | Reached skill level 2 in Axes
   421 | D:1      | Reached XP level 2. HP: 19/19 MP: 2/2
   790 | D:1      | Found a faded altar of an unknown god.
  1206 | D:2      | Reached XP level 3. HP: 21/23 MP: 3/3
  1389 | D:2      | Reached XP level 4. HP: 13/29 MP: 4/4
  1710 | D:2      | Reached skill level 3 in Axes
  2013 | D:2      | Identified the +0 robe "Yregabops" {Regen+ Int+2 Stlth+
                  | Archmagi}
  2187 | D:3      | Reached XP level 5. HP: 25/33 MP: 5/5
  2302 | D:3      | Noticed Grinder
  2308 | D:3      | Paralysed by Grinder for 4 turns
  2314 | D:3      | Killed Grinder
  2315 | D:3      | Reached skill level 4 in Axes
  2315 | D:3      | Reached XP level 6. HP: 23/38 MP: 6/6
  2981 | D:4      | Noticed Konebred's ghost (amateur HOMo)
  3064 | D:4      | Found a runed translucent door.
  3160 | D:4      | Reached skill level 5 in Axes
  3166 | D:4      | Reached XP level 7. HP: 8/44 MP: 7/7
  3168 | D:4      | Slain by a scorpion

Illustrated notes

Levels and vault maps discovered:
D:1:      roderic_crop_circles_arrival_small, layout_loops_ring,
          shapermc_ecumenical_altar_mp_ritualfount, minmay_hedge_maze
D:2:      layout_rooms
D:3:      layout_rooms, minmay_misc_feat_ornament, dk_noncrumbling_3,
          uniq_grinder
D:4:      layout_rooms, hellmonk_ghost_happy_afterlife,
          grunt_decor_mini_mirrors, minmay_tree_intersection

Skill      XL: |  1  2  3  4  5  6 |
---------------+-------------------+-----
Axes           | 2 3 4 5 |  5.1
Armour         | 4 |  4.7
Fighting       | 4 |  4.5
Shields        | 4 |  4.0

Action                   |  1- 3 |  4- 6 |  7- 9 || total
-------------------------+-------+-------+-------++-------
Melee: War axe           |    94 |   123 |     2 ||   219
  Use: Scroll            |     2 |     5 |       ||     7
Armor: Scale mail        |    90 |   100 |     1 ||   191
Dodge: Dodged            |    62 |    57 |     1 ||   120
Block: Buckler           |    22 |    40 |       ||    62
